 Dungeon Crawl Stone Soup version 0.24-a0-10-gb84795d (console) character file.

Game seed: 14526530171630910915

23 Duffy the Sneak (level 3, 4/28 HPs)
             Began as a Naga Fire Elementalist on Jan 31, 2019.
             Quit the game on level 1 of the Dungeon.
             The game lasted 00:00:52 (1125 turns).

Duffy the Sneak (Naga Fire Elementalist)            Turns: 1125, Time: 00:00:52

Health: 4/28       AC:  2    Str: 10    XL:     3   Next: 0%
Magic:  6/6        EV: 10    Int: 16    God:
Gold:   35         SH:  0    Dex: 11    Spells: 5/6 levels left

rFire    . . .     SeeInvis +   d - +2 whip (pain)
rCold    . . .     Gourm    .   (no shield)
rNeg     . . .     Faith    .   a - +0 robe
rPois    +         Spirit   .   (no helmet)
rElec    .         Reflect  .   (no cloak)
rCorr    .         Harm     .   (no gloves)
MR       .....                  (no barding)
Stlth    ++........             (no amulet)
HPRegen  0.09/turn              (no ring)
MPRegen  0.10/turn              (no ring)

@: very slow
A: large, see invisible, deformed body, poison resistance, slowness 2, slow
metabolism 1, spit poison 1, AC +1
a: Spit Poison


You were on level 1 of the Dungeon.
You were not hungry.

You visited 1 branch of the dungeon, and saw 1 of its levels.

You collected 35 gold pieces.

Inventory:

Hand Weapons
 d - a +2 whip of pain (weapon)
Armour
 a - a +0 robe (worn)
Scrolls
 b - 3 scrolls of amnesia {unknown}
 e - a scroll of identify {unknown}
 g - a scroll of remove curse {unknown}
 h - a scroll of teleportation {unknown}
Potions
 f - a potion of magic {unknown}
Comestibles
 c - 2 rations


   Skills:
 - Level 1.5 Dodging
 - Level 3.0 Stealth
 - Level 2.0 Spellcasting
 + Level 2.8 Conjurations
 - Level 3.0 Fire Magic


You had 5 spell levels left.
You knew the following spells:

 Your Spells              Type           Power        Failure   Level  Hunger
h - Flame Tongue          Conj/Fire      ##...        6%          1    #......

Your spell library contained the following spells:

 Spells                   Type           Power        Failure   Level  Hunger
 Throw Flame              Conj/Fire      ##....       10%         2    ###....
 Conjure Flame            Conj/Fire      ##......     19%         3    ###....
 Inner Flame              Hex/Fire       #.......     32%         3    ###....
 Sticky Flame             Conj/Fire      ##......     52%         4    #####..
 Fireball                 Conj/Fire      ##........   86%         5    ######.


Dungeon Overview and Level Annotations

Branches:
Dungeon (1/15)

Altars:


Innate Abilities, Weirdness & Mutations

You cannot wear boots.
Your serpentine skin is tough. (AC +1)
You have supernaturally acute eyesight. (SInv)
Armour fits poorly on your strangely shaped body.
Your system is resistant to poisons. (rPois)
You cover ground very slowly.
You have a slow metabolism.
You can spit poison.


Message History

You hit the hobgoblin.
The hobgoblin is heavily wounded.
The hobgoblin closely misses you.
You barely miss the hobgoblin.
The hobgoblin is heavily wounded.
The hobgoblin hits you.
You completely miss the hobgoblin.
The hobgoblin is heavily wounded.
The hobgoblin hits you.
A hobgoblin is nearby!
You barely miss the hobgoblin.
The hobgoblin is heavily wounded.
The hobgoblin hits you. The hobgoblin closely misses you.
You hit the hobgoblin.
You kill the hobgoblin!
You have reached level 3!
Your experience leads to an increase in your attributes!
Increase (S)trength, (I)ntelligence, or (D)exterity?
You feel clever.
Your skin feels tougher.
Are you sure you want to abandon this character and quit the game? (Confirm with "yes".)

## ##.# ##......##
##.....# # #.#
#......# ##...##
###.# #.....##
##'## #...# ####.##
#.# ### #.### #.#
##.### ..# #.#
####.##### #.#...
#.# #.# #........#
##...#. #.# #.#
#.##.###.# #......
#.####.# #@##.# #.#
##...#. .......#
#.##.###.######.##.
#.######
#.##............##.
#.#
#.######.#########.
..# #.. ...# #. ###
### ##### #. #


There were no monsters in sight!

Vanquished Creatures
  2 dart slugs (D:1)
  4 goblins (D:1)
  4 hobgoblins (D:1)
  4 bats (D:1)
  2 frilled lizards (D:1)
  3 kobolds (D:1)
19 creatures vanquished.

Notes
Turn   | Place    | Note
-------+----------+-------------------------------------------
     0 | D:1      | Duffy the Naga Fire Elementalist began the quest for the
                  | Orb.
     0 | D:1      | Reached XP level 1. HP: 15/15 MP: 3/3
   307 | D:1      | Reached XP level 2. HP: 11/22 MP: 5/5
  1124 | D:1      | Reached XP level 3. HP: 4/28 MP: 6/6
  1125 | D:1      | Quit the game

Vault maps used:
D:1:      eino_arrival_water_star

Skill      XL: |  1 |
---------------+----+-----
Conjurations   | 2 |  2.8
Dodging        | |  1.5
Stealth        | |  3.0
Spellcasting   | |  2.0
Fire Magic     | |  3.0

Action                   || total
-------------------------++-------
Melee: Whip              ||    46
 Abil: Spit Poison       ||     2
 Stab: Sleeping          ||     2
Armor: Robe              ||     6
Dodge: Dodged            ||    19

Table legend:
 A = Non-vault XP
 B = Vault XP
 C = Vault XP percentage of total XP
 D = Non-vault monster count
 E = Vault monster count
 F = Vault count percentage of total count
                 A         B        C        D         E       F
            +---------+---------+-------+---------+---------+-------
      Total |      34 |       0 |   0.0 |      19 |       0 |   0.0
            +---------+---------+-------+---------+---------+-------
        D:1 |      34 |       0 |   0.0 |      19 |       0 |   0.0
            +---------+---------+-------+---------+---------+-------
